 Dungeon Crawl Stone Soup version 0.18.1-6-gd335043 (webtiles) character file.

12273 Liquid the Covert (level 11, -8/55 HPs)
             Began as a Spriggan Enchanter on May 17, 2016.
             Was a Believer of Ashenzari.
             Mangled by a centaur warrior
             ... wielding a +5 hand axe of electrocution
              (15 damage)
             ... on level 12 of the Dungeon on May 18, 2016.
             The game lasted 01:02:45 (10385 turns).

Liquid the Covert (Spriggan Enchanter)             Turns: 10385, Time: 01:02:51

Health: -8/55      AC:  4    Str:  4    XL:     11   Next: 60%
Magic:  0/35       EV: 30    Int: 21    God:    Ashenzari [**....]
Gold:   680        SH:  2    Dex: 18    Spells: 4 memorised, 21 levels left

rFire  . . .     SeeInvis +     a - +2 dagger (curse)
rCold  . . .     Gourm    .     b - +1 robe
rNeg   . . .     Faith    .     (shield restricted)
rPois  .         Spirit   .     v - +0 hat
rElec  .         Dismiss  .     x - +0 cloak (curse)
rCorr  .         Reflect  +     (gloves unavailable)
SustAt .         Harm     .     (boots unavailable)
MR     +....                    p - +2 amulet of reflection
Stlth  +++++++...               T - +2 ring of intelligence (curse)
                                h - ring of magical power (curse)

@: very quick, somewhat resistant to hostile enchantments, extremely stealthy
A: unfitting armour, see invisible, herbivore 3, speed 3, slow metabolism 2,
hated by all
a: Curse Item, Scrying, Renounce Religion


You were on level 12 of the Dungeon.
You worshipped Ashenzari.
Ashenzari was pleased with you.
You were not hungry.

You visited 2 branches of the dungeon, and saw 13 of its levels.
You also visited: Sewer.

You collected 836 gold pieces.
You spent 156 gold pieces at shops.

Inventory:

Hand Weapons
 a - a cursed +2 dagger (weapon)
 r - a +0 blowgun
 P - a +2 dagger of venom
Missiles
 o - 60 poisoned needles
Armour
 b - a +1 robe (worn)
 v - a +0 hat (worn)
 x - a cursed +0 cloak (worn)
Jewellery
 h - a cursed ring of magical power (left hand)
 p - a +2 amulet of reflection (around neck)
 t - an uncursed ring of sustain attributes
 D - an uncursed ring of protection from cold
 T - a cursed +2 ring of intelligence (right hand)
 W - an uncursed amulet of dismissal
Wands
 k - a wand of confusion (15/48)
 u - a wand of heal wounds (6/9)
 y - a wand of lightning (3/15)
 z - a wand of enslavement (13/24)
 A - a wand of random effects (13/48)
 G - a wand of digging (18/24)
 J - a wand of disintegration (9/24)
 O - a wand of disintegration (13/24)
 U - a wand of flame (26/48)
 V - a wand of lightning (6/15)
Scrolls
 c - a scroll of fear
 e - 4 scrolls of enchant armour
 f - 6 scrolls of teleportation
 m - 2 scrolls of remove curse
 B - a scroll of torment {unknown}
 C - a scroll of magic mapping
 H - 3 scrolls of enchant weapon
 L - 2 scrolls of recharging
 M - a scroll of amnesia
 N - 5 scrolls of identify
Potions
 g - 3 potions of curing
 j - a potion of resistance
 l - 2 potions of might
 n - 4 potions of berserk rage
 q - a potion of cancellation
 s - 4 potions of lignification
 w - 3 potions of degeneration
 E - a potion of mutation {unknown}
 F - 2 potions of beneficial mutation {unknown}
 I - a potion of haste {unknown}
 Q - a potion of agility {unknown}
 S - 2 potions of invisibility
Books
 R - a book of Geomancy

   Spells                             Type                      Level
   a - Sandblast                      Earth                        1
   b - Passwall                       Transmutation/Earth          2
   c - Stone Arrow                    Conjuration/Earth            3
   d - Petrify                        Transmutation/Earth          4
   e - Lee's Rapid Deconstruction     Earth                        5
Comestibles
 d - 15 bread rations
 i - 13 royal jellies
 K - 2 slices of pizza


   Skills:
 - Level 5.0 Fighting
 - Level 1.1(2.5) Short Blades
 + Level 13.4 Dodging
 + Level 13.8 Stealth
 + Level 10.3 Spellcasting
 + Level 10.9(12.2) Hexes


You had 21 spell levels left.
You knew the following spells:

 Your Spells              Type           Power        Failure   Level  Hunger
a - Corona                Hex            ######.      1%          1    None
b - Ensorcelled Hibernat  Hex/Ice        #####.       1%          2    None
c - Confuse               Hex            ######..     1%          3    None
e - Dazzling Spray        Conj/Hex       #####...     1%          3    None


Dungeon Overview and Level Annotations

Branches:
Dungeon (12/15)            Temple (1/1) D:6            Lair (0/8) D:10
    Orc (0/2) D:9

Altars:
Ashenzari
Cheibriados
Dithmenos
Elyvilon
Fedhas
Gozag
Kikubaaqudgha
Okawaru
Pakellas
Ru
Trog
Beogh

Shops:
D:8 ((%

Annotations:
D:10 Sonja


Innate Abilities, Weirdness & Mutations

You are tiny and cannot use many weapons and most armour.
You have supernaturally acute eyesight.
You are a herbivore.
You cover ground extremely quickly.
You need consume almost no food.
You are hated by all.


Message History

Okay, then.
Casting: Ensorcelled Hibernation
Confirm with . or Enter, or press ? or * to list all spells.
Aiming: Confuse
Press: ? - help, Shift-Dir - straight line, f - centaur warrior
Aim: a centaur warrior, wielding a longbow (chance to defeat MR: 60%)
The centaur warrior resists with significant effort.
The centaur warrior unwields an uncursed longbow.
The centaur warrior wields an uncursed hand axe of electrocution.
You hear the crackle of electricity.
The centaur warrior misses you.
You barely miss the centaur warrior.
The centaur warrior completely misses you.
You hit the centaur warrior.
The centaur warrior is lightly wounded.
The centaur warrior hits you with an uncursed hand axe of electrocution!
You are electrocuted!
* * * LOW HITPOINT WARNING * * *
The centaur warrior hits you with an uncursed hand axe of electrocution!
You die...

, , ........# +.....# #####
#......# ,#.....# , .....
#......# #.....#, ......,
,#.....(# #.....# .......,,
#......# ,#o....#,,,, ........
#......# {.....##+ .........
#......#####)....... .........
#......))...).......,
.........,#.....@################
........ #.....c......#####.....
......#+###.)............#.......
......#..........................
......#..........##.###.....##
......#..........#.##∆##...##, *
......#[.[)......#. {*#...#*{ *
......')...†.....##, *#...# , *
......#..........# ......#*


You could see a centaur warrior.

Vanquished Creatures
  Harold (D:10)
  Erolcha (D:9)
  Pikel (D:5)
  A deep elf mage (D:10)
  A cyclops (D:10)
  2 ugly things
  A manticore (D:11)
  2 trolls
  A queen bee (D:9)
  Grinder (D:3)
  A wraith (D:7)
  A spriggan (D:7)
  A hill giant zombie (D:9)
  A wyvern (D:10)
  A hippogriff (D:11)
  4 hungry ghosts
  2 orc warriors
  7 ice beasts
  2 sky beasts
  A wasp (D:8)
  2 phantoms
  4 slaves (D:5)
  4 ogres
  A crocodile (Sewer)
  4 centaurs
  A big kobold (D:9)
  7 giant frogs
  An elf skeleton (D:7)
  2 troll zombies
  5 scorpions
  29 killer bees
  6 wights
  A centaur zombie (D:7)
  2 crimson imps (D:9)
  A giant frog zombie (D:12)
  4 jellies
  A quasit (D:11)
  11 hounds
  3 centaur skeletons
  7 orc priests
  2 human zombies (D:7)
  7 orc wizards
  4 iguanas
  Natasha (thrice) (D:3)
  15 worker ants
  6 ogre zombies (D:9)
  A hound skeleton (D:5)
  3 mummies (D:7)
  A howler monkey zombie (D:8)
  Robin (D:3)
  15 adders
  2 shadow imps
  An ooze (D:3)
  2 adder zombies (D:6)
  An adder skeleton (D:8)
  3 worms
  A dart slug (D:4)
  10 giant geckos
  31 orcs
  A ball python (D:1)
  18 bats
  6 giant cockroaches
  15 goblins
  5 hobgoblins
  6 jackals
  8 kobolds
  4 quokkas
  A giant gecko skeleton (D:4)
  4 giant newts
  A goblin skeleton (D:9)
  3 hobgoblin zombies (D:9)
  5 orc skeletons
  18 orc zombies
  2 quokka zombies
  8 rats
  A butterfly (D:10)
344 creatures vanquished.

Vanquished Creatures (collateral kills)
  Edmund (D:4)
  An orc (D:4)
2 creatures vanquished.

Vanquished Creatures (others)
  A jelly (D:5)
  A ball python (D:5)
  2 jackals (D:5)
  9 fungi (D:10)
  7 plants (D:10)
20 creatures vanquished.

Grand Total: 366 creatures vanquished

Notes
Turn   | Place    | Note
--------------------------------------------------------------
     0 | D:1      | Liquid the Spriggan Enchanter began the quest for the Orb.
     0 | D:1      | Reached XP level 1. HP: 9/9 MP: 5/5
   216 | D:1      | Reached XP level 2. HP: 11/13 MP: 7/7
   220 | D:1      | Learned a level 2 spell: Ensorcelled Hibernation
   960 | D:2      | Reached XP level 3. HP: 13/16 MP: 8/8
  1224 | D:3      | Found an iron altar of Okawaru.
  1224 | D:3      | Found a shadowy altar of Dithmenos.
  1224 | D:3      | Found a blossoming altar of Fedhas.
  1224 | D:3      | Noticed Natasha
  1233 | D:3      | Killed Natasha
  1233 | D:3      | Reached skill level 5 in Stealth
  1233 | D:3      | Reached XP level 4. HP: 10/21 MP: 7/10
  1364 | D:3      | Found a bloodstained altar of Trog.
  1406 | D:3      | Noticed Natasha
  1424 | D:3      | Killed Natasha
  1429 | D:3      | Learned a level 3 spell: Confuse
  1460 | D:3      | Noticed Natasha
  1472 | D:3      | Killed Natasha
  1555 | D:3      | Reached XP level 5. HP: 24/24 MP: 9/11
  1566 | D:3      | Noticed Robin
  1568 | D:3      | Noticed Grinder
  1674 | D:3      | Found a glowing drain.
  1687 | D:3      | Reached skill level 5 in Dodging
  1713 | Sewer    | Entered a sewer
  1893 | Sewer    | Noticed a crocodile
  1927 | Sewer    | Killed a crocodile
  1927 | Sewer    | Reached skill level 5 in Hexes
  2079 | D:3      | Killed Grinder
  2079 | D:3      | Reached XP level 6. HP: 24/28 MP: 13/13
  2145 | D:3      | Killed Robin
  2351 | D:3      | Found a sacrificial altar of Ru.
  2519 | D:3      | Became a worshipper of Ru the Awakened
  2683 | D:4      | Reached XP level 7. HP: 29/32 MP: 12/14
  2693 | D:4      | Learned a level 3 spell: Tukima's Dance
  2697 | D:4      | Learned a level 3 spell: Dazzling Spray
  2754 | D:4      | Noticed Edmund
  2769 | D:4      | Killed Edmund
  2821 | D:4      | Reached skill level 5 in Spellcasting
  2984 | D:4      | Found a roughly hewn altar of Beogh.
  3133 | D:4      | Found a snail-covered altar of Cheibriados.
  3466 | D:5      | Entered Level 5 of the Dungeon
  3549 | D:5      | Found an oddly glowing altar of Pakellas.
  3549 | D:5      | Noticed an orange crystal statue
  3583 | D:5      | Noticed Pikel
  3588 | D:5      | Killed Pikel
  3588 | D:5      | Reached XP level 8. HP: 23/36 MP: 17/17
  3683 | D:5      | Gained mutation: You are hated by all. [Ru sacrifice]
  3683 | D:5      | Reached * piety under Ru
  3916 | D:6      | Noticed a troll
  3921 | D:6      | Killed a troll
  3921 | D:6      | Reached skill level 10 in Dodging
  3921 | D:6      | Reached skill level 10 in Stealth
  4045 | D:6      | Reached XP level 9. HP: 23/39 MP: 16/19
  4293 | D:6      | Found a staircase to the Ecumenical Temple.
  4301 | Temple   | Entered the Ecumenical Temple
  4343 | Temple   | Fell from the grace of Ru
  4343 | Temple   | Became a worshipper of Ashenzari the Shackled
  4717 | D:7      | Reached skill level 1 in Fighting
  5914 | D:7      | Reached XP level 10. HP: 39/47 MP: 22/22
  5918 | D:7      | Found an ancient bone altar of Kikubaaqudgha.
  6181 | D:8      | Found Paor's Food Boutique.
  6195 | D:8      | Bought a bread ration for 60 gold pieces
  6195 | D:8      | Bought a bread ration for 60 gold pieces
  6195 | D:8      | Bought a slice of pizza for 18 gold pieces
  6195 | D:8      | Bought a slice of pizza for 18 gold pieces
  6325 | D:8      | Reached * piety under Ashenzari
  6325 | D:8      | Found Akaody's Weapon Shoppe.
  6439 | D:8      | Found Hodyahat's Antique Weapon Shoppe.
  6441 | D:8      | Identified the +8 quarterstaff of the Dwarven Hall {drain, *Corrode MP+9 Int+4}
  7063 | D:9      | Found a staircase to the Orcish Mines.
  7224 | D:9      | Noticed Erolcha
  7736 | D:9      | Killed Erolcha
  7952 | D:10     | Entered Level 10 of the Dungeon
  7952 | D:10     | Reached ** piety under Ashenzari
  7954 | D:10     | Noticed Harold
  8148 | D:9      | Reached skill level 10 in Hexes
  8148 | D:9      | Reached XP level 11. HP: 45/54 MP: 15/25
  8339 | D:10     | Found a shadowy altar of Dithmenos.
  8354 | D:10     | Noticed a deep elf mage
  8366 | D:10     | Killed a deep elf mage
  8583 | D:10     | Found a staircase to the Lair.
  8598 | D:10     | Noticed Sonja
  8821 | D:10     | Killed Harold
  8990 | D:10     | Found a runed door.
  8995 | D:10     | Found a runed door.
  9531 | D:11     | Noticed a green ugly thing
  9553 | D:11     | Killed a green ugly thing
  9553 | D:11     | Reached skill level 10 in Spellcasting
  9692 | D:11     | Reached skill level 5 in Fighting
  9703 | D:11     | Found a sacrificial altar of Ru.
 10207 | D:12     | Noticed a brown ugly thing
 10229 | D:12     | Killed a brown ugly thing
 10312 | D:12     | Noticed a hill giant
 10371 | D:12     | Noticed a centaur warrior
 10385 | D:12     | Mangled by a centaur warrior

Skill      XL: |  1  2  3  4  5  6  7  8  9 10 11 |
---------------+----------------------------------+-----
Spellcasting   | 3 4 5 6 7 9 10 | 10.3
Hexes          | 4 5 6 7 8 10 | 10.9
Dodging        | 4 6 7 9 10 11 12 13 | 13.4
Stealth        | 5 6 9 10 11 12 13 | 13.8
Fighting       | 2 4 5 |  5.0
Short Blades   | |  1.1

Action                   |  1- 3 |  4- 6 |  7- 9 | 10-12 || total
-------------------------+-------+-------+-------+-------++-------
Melee: Dagger            |    46 |   120 |   161 |   420 ||   747
 Cast: Ensorcelled Hiber |    24 |    52 |    86 |   166 ||   328
       Confuse           |       |     7 |    31 |    65 ||   103
       Tukima's Dance    |       |       |     3 |       ||     3
       Dazzling Spray    |       |       |     3 |     6 ||     9
Invok: Sacrifice Love    |       |       |     1 |       ||     1
       Curse Item        |       |       |     3 |     1 ||     4
Evoke: Wand              |       |       |       |     3 ||     3
  Use: Scroll            |     6 |       |    12 |     3 ||    21
       Potion            |       |       |       |     1 ||     1
 Stab: Sleeping          |    19 |    36 |    68 |   109 ||   232
       Confused          |       |     4 |    20 |    49 ||    73
       Distracted        |       |       |       |     3 ||     3
       Invisible         |       |       |       |     2 ||     2
  Eat: Royal jelly       |       |     1 |       |     1 ||     2
       Pizza             |       |     1 |       |       ||     1
       Bread ration      |       |       |     1 |       ||     1
       Fruit             |       |       |       |     3 ||     3
Armor: Robe              |     5 |    19 |    10 |    16 ||    50
Dodge: Dodged            |    43 |   147 |   190 |   516 ||   896
Block: Other             |       |       |    14 |    32 ||    46
       Reflection        |       |       |       |     1 ||     1
